 Dungeon Crawl Stone Soup version 0.19-a0-1532-g228a5d9 (console) character file.

4177 utis the Contemplative (level 10, 19/76 HPs)
             Began as a Formicid Warper on Sept 13, 2016.
             Was a Priest of Cheibriados.
             Quit the game in a bailey.
             The game lasted 00:45:49 (10731 turns).

utis the Contemplative (Formicid Warper)           Turns: 10731, Time: 00:45:50

Health: 19/76      AC: 12    Str: 26    XL:     10   Next: 53%
Magic:  11/17      EV: 20    Int: 19    God:    Cheibriados [***...]
Gold:   542        SH:  0    Dex: 24    Spells: 5 memorised, 6 levels left

rFire  . . .     SeeInvis +     a - +2 whip (venom)
rCold  . . .     Gourm    .     w - +4 ring mail {rPois}
rNeg   + . .     Faith    .     (no shield)
rPois  +         Spirit   .     (helmet unavailable)
rElec  .         Dismiss  .     r - +0 cloak
rCorr  .         Reflect  .     (no gloves)
MR     +....     Harm     .     Z - +0 pair of boots
Stlth  ++........ Clarity  +    g - amulet of regeneration
                                (no ring)
                                N - ring of positive energy

@: agile, very slow
A: permanent stasis, dig shafts and tunnels, four strong arms, antennae 3, agile
1, clarity, strong 1
a: Dig, Shaft Self, Bend Time, Temporal Distortion, Renounce Religion


You were in a bailey.
You worshipped Cheibriados.
Cheibriados was most pleased with you.
You were not hungry.

You visited 2 branches of the dungeon, and saw 9 of its levels.
You also visited: Bailey.

You collected 542 gold pieces.

Inventory:

Hand Weapons
 a - a +2 whip of venom (weapon)
 c - a +0 blowgun {@w1}
 l - a +0 flail
Missiles
 e - 5 tomahawks of dispersal {=f}
 m - 95 stones (quivered)
 q - 15 curare-tipped needles {=f}
 F - 105 arrows
 H - 60 sling bullets
 J - 2 tomahawks of returning
 O - 2 javelins
Armour
 b - a +0 leather armour
 k - a +0 ring mail
 r - a +0 cloak (worn)
 w - a +4 ring mail of poison resistance (worn)
 Z - a +0 pair of boots (worn)
Jewellery
 g - an amulet of regeneration (around neck)
 C - an uncursed ring of ice
 N - a ring of positive energy (left hand)
Wands
 z - a wand of flame (17/48)
Scrolls
 j - a scroll of identify {@r1}
 G - a scroll of immolation {unknown}
 P - 2 scrolls of enchant weapon
 V - a scroll of fog
 Y - a scroll of enchant armour {unknown}
Potions
 h - a potion of curing {@q1}
 i - 3 potions of flight
 n - a potion of brilliance {unknown}
 t - 2 potions of agility
 K - a potion of magic
Comestibles
 d - 2 chunks of flesh
 f - 5 bread rations {@e1}
 x - 2 fruits {@e2}
 B - 5 meat rations {@e1}
 D - 3 beef jerkies {@e2}


   Skills:
 + Level 5.6 Fighting
 - Level 4.0 Maces & Flails
 - Level 1.0 Throwing
 + Level 5.2 Armour
 + Level 4.5 Dodging
 - Level 5.0 Spellcasting
 - Level 2.0 Charms
 - Level 7.0 Translocations
 - Level 7.6 Invocations
 - Level 4.0 Evocations


You had 6 spell levels left.
You knew the following spells:

 Your Spells              Type           Power        Failure   Level  Hunger
a - Apportation           Tloc           ####......   1%          1    None
d - Passage of Golubria   Tloc           N/A          12%         4    ####...
g - Shroud of Golubria    Chrm/Tloc      ###.......   6%          2    #......
o - Teleport Other        Tloc           ####....     3%          3    ##.....
t - Portal Projectile     Tloc           ####..       3%          3    ##.....


Dungeon Overview and Level Annotations

Branches:
Dungeon (8/15)             Temple (1/1) D:7
   Lair: D:8-11

Altars:
Ashenzari
Cheibriados
Dithmenos
Elyvilon
Fedhas
Gozag
Hepliaklqana
Makhleb
Nemelex Xobeh
Okawaru
Qazlal
Ru
Trog
Uskayaw
Vehumet
Xom
Yredelemnul

Annotations:
D:8 Erica


Innate Abilities, Weirdness & Mutations

You are under a permanent stasis effect.
You can dig through walls and to a lower floor.
Your four strong arms can wield two-handed weapons with a shield.
You have a pair of large antennae on your head. (SInv)
You are agile. (Dex +2)
You possess an exceptional clarity of mind.
Your muscles are strong. (Str +2)


Message History

The orc knight hits you with a war axe!!
* * * LOW HITPOINT WARNING * * *
Unknown command.
You feel better.
The orc warrior no longer looks unusually strong.
The orc warrior looks desperately for an escape route.
The gnoll cries, "Help!"
Unknown command.
Okay, then.
You feel better.
The orc warrior is no longer moving slowly.
The orc warrior begs, "Please don't kill me!"
The orc warrior yells at you, "GO AWAY!"
The orc knight completely misses you.
Unknown command.
Unknown command.
Okay, then.
Unknown command.
Unknown command.
Are you sure you want to abandon this character and quit the game? (Confirm with "yes".)

▒▒......g..▒▒
▒.....o..og8▒▒. {
▒..........8▒.. {
▒∩....o.g...'. {
▒..........8▒
▒?.........8▒ {
▒▒.........▒▒▒ {
▒▒▒...oo▒▒▒.▒▒▒ ▒▒
▒▒▒a▒'▒.....▒▒▒{▒▒▒.
▒▒▒.........▒▒▒...
▒...........▒....
▒...........▒....
▒.....⌠.....▒))..
▒......)...)'))..
▒...........▒....
▒▒.........▒▒▒...
▒▒▒.....▒▒▒ ▒▒▒.


You could see an orc warlord, an orc knight, 3 orc warriors and 2 gnolls.

Vanquished Creatures
  Pikel (D:8)
  An orc knight (Bailey)
  A hippogriff (D:3)
  A sky beast (D:6)
  4 orc warriors
  3 ogres
  2 black bears
  An eye of draining (D:8)
  2 phantoms
  6 giant frogs
  A gnoll sergeant (D:7)
  2 scorpions
  5 wights (D:7)
  3 crimson imps (D:6)
  2 centaur zombies
  A giant frog zombie (D:7)
  2 hounds
  2 jellies
  Crazy Yiuf (D:2)
  5 orc wizards
  An iguana (D:7)
  9 worker ants
  A killer bee zombie (D:8)
  A howler monkey zombie (D:6)
  A worker ant zombie (D:8)
  10 gnolls
  12 adders
  A shadow imp (D:6)
  2 oozes
  An adder zombie (D:5)
  An adder skeleton (D:6)
  5 worms
  A dart slug (D:1)
  11 giant geckos
  36 orcs
  9 bats
  5 giant cockroaches
  16 goblins
  23 hobgoblins
  4 jackals (D:6)
  4 quokkas
  A giant gecko zombie (D:7)
  9 giant newts
  6 kobolds
  A quokka zombie (D:5)
  7 rats
224 creatures vanquished.

Vanquished Creatures (others)
  A slave (D:8)
  A scorpion (D:8)
  An orc wizard (D:3)
  A worker ant (D:8)
4 creatures vanquished.

Grand Total: 228 creatures vanquished

Notes
Turn   | Place    | Note
-------+----------+-------------------------------------------
     0 | D:1      | utis the Formicid Warper began the quest for the Orb.
     0 | D:1      | Reached XP level 1. HP: 16/16 MP: 3/3
   262 | D:1      | Reached XP level 2. HP: 22/22 MP: 5/5
   281 | D:1      | Learned a level 2 spell: Shroud of Golubria
   603 | D:1      | Reached XP level 3. HP: 27/27 MP: 6/6
   737 | D:1      | Learned a level 3 spell: Teleport Other
  1346 | D:2      | Found a runed door.
  1876 | D:2      | Reached XP level 4. HP: 28/33 MP: 4/7
  2257 | D:2      | Reached skill level 1 in Charms
  2796 | D:2      | Reached XP level 5. HP: 33/38 MP: 5/8
  3085 | D:2      | Noticed Crazy Yiuf
  3098 | D:2      | Killed Crazy Yiuf
  3374 | D:3      | Noticed a giant frog
  3379 | D:3      | Killed a giant frog
  3379 | D:3      | Reached XP level 6. HP: 38/44 MP: 6/10
  3844 | D:3      | Learned a level 4 spell: Passage of Golubria
  4401 | D:3      | Reached XP level 7. HP: 19/50 MP: 10/12
  5173 | D:3      | Reached skill level 5 in Translocations
  5194 | D:3      | Noticed a hippogriff
  5217 | D:3      | Killed a hippogriff
  5873 | D:5      | Entered Level 5 of the Dungeon
  6134 | D:5      | great
  6139 | D:5      | Reached XP level 8. HP: 54/56 MP: 10/13
  6179 | D:5      | Got an ancient robe
  6615 | D:5      | Gained mutation: You are agile. (Dex +2) [potion of beneficial mutation]
  6616 | D:5      | Gained mutation: You possess an exceptional clarity of mind. [potion of beneficial mutation]
  7135 | D:6      | Got a coiled amethyst amulet
  7190 | D:6      | Found a sparkling altar of Nemelex Xobeh.
  7503 | D:6      | Reached skill level 5 in Spellcasting
  7621 | D:7      | Learned a level 3 spell: Portal Projectile
  7731 | D:7      | Found a staircase to the Ecumenical Temple.
  7739 | D:6      | Reached XP level 9. HP: 62/62 MP: 14/16
  7787 | Temple   | Entered the Ecumenical Temple
  7930 | Temple   | Became a worshipper of Cheibriados the Contemplative
  7975 | D:7      | oh
  8397 | D:7      | Found a stormy altar of Qazlal.
  8621 | D:7      | Reached * piety under Cheibriados
  9047 | D:6      | Identified the amulet "Qairu" {Spirit rF- Int+9} (You found it on level 6 of the Dungeon)
  9468 | D:7      | Reached skill level 5 in Fighting
  9574 | D:8      | Reached skill level 1 in Invocations
  9609 | D:8      | Noticed Erica
  9638 | D:8      | Noticed Pikel
  9651 | D:7      | Reached XP level 10. HP: 68/73 MP: 10/17
  9687 | D:7      | Reached skill level 5 in Invocations
  9777 | D:8      | Killed Pikel
  9835 | D:8      | Reached ** piety under Cheibriados
  9845 | D:8      | Found a flagged portal.
  9863 | Bailey   | Entered a bailey
 10405 | Bailey   | Noticed an orc knight
 10466 | Bailey   | Killed an orc knight
 10466 | Bailey   | Reached skill level 5 in Armour
 10611 | Bailey   | Reached *** piety under Cheibriados
 10616 | Bailey   | Gained mutation: Your muscles are strong. (Str +2) [potion of beneficial mutation]
 10715 | Bailey   | Noticed an orc knight
 10721 | Bailey   | Noticed an orc warlord
 10721 | Bailey   | Noticed an orc knight
 10728 | Bailey   | HP: 1/76 [orc knight/war axe (19)]
 10731 | Bailey   | Quit the game

Vault maps used:
D:1:      mushboom_english_gardens, minmay_unequal
D:2:      uniq_crazy_yiuf_cottage
D:5:      first_bread, serial_park_tiny_2
D:6:      nemelex_xobeh_ov_fountains_minmay
D:7:      basic_altar, kennysheep_doodads
D:8:      enter_bailey_2, serial_shops, nicolae_shop_overgrown_old_shop,
          uniq_pikel, uniq_erica, uniq_gastronok
Temple:   nicolae_temple_elliptical
Bailey:   bailey_axe_minmay_hex_keep, bailey

Skill      XL: |  1  2  3  4  5  6  7  8  9 10 |
---------------+-------------------------------+-----
Maces & Flails | 3 4 |  4.0
Charms         | 1 2 |  2.0
Translocations | 3 4 5 7 |  7.0
Spellcasting   | 3 5 |  5.0
Evocations     | 4 |  4.0
Dodging        | 2 4 |  4.5
Fighting       | 5 |  5.6
Armour         | 4 5 |  5.2
Invocations    | 4 7 |  7.6
Throwing       | |  1.0

Action                   |  1- 3 |  4- 6 |  7- 9 | 10-12 || total
-------------------------+-------+-------+-------+-------++-------
Melee: Mace              |    85 |       |       |       ||    85
       Flail             |    37 |    94 |    52 |    29 ||   212
       Quarterstaff      |       |    80 |    41 |       ||   121
       Whip              |       |       |   446 |   204 ||   650
 Fire: Hunting sling     |       |       |     6 |       ||     6
Throw: Stone             |     1 |     7 |    21 |     9 ||    38
       Tomahawk          |       |       |    17 |       ||    17
       Javelin           |       |       |     3 |     1 ||     4
 Cast: Shroud of Golubri |     6 |    36 |    67 |    24 ||   133
       Apportation       |       |     3 |       |     1 ||     4
       Teleport Other    |       |       |     4 |     5 ||     9
Invok: Bend Time         |       |       |       |     1 ||     1
 Abil: Dig               |     1 |     3 |     6 |       ||    10
Evoke: Wand              |       |     6 |     8 |     2 ||    16
  Use: Scroll            |     5 |     6 |     8 |     1 ||    20
       Potion            |       |     1 |     3 |     8 ||    12
 Stab: Confused          |       |       |     1 |       ||     1
  Eat: Chunk             |     3 |    12 |    15 |     3 ||    33
       Bread ration      |       |       |     1 |       ||     1
       Fruit             |       |       |     1 |       ||     1
Armor: Leather armour    |    10 |       |       |       ||    10
       Ring mail         |    36 |    64 |   211 |    56 ||   367
       Skin              |       |     6 |       |     8 ||    14
Dodge: Dodged            |    66 |    84 |   291 |   137 ||   578
